 Dungeon Crawl Stone Soup version 0.25-a0-21-ga5a8db46c7 (webtiles) character file.

Game seed: 5891055621084464142, levelgen mode: deterministic

454 Arixos the Ruffian (level 6, -1/48 HPs)
             Began as a Demonspawn Fighter on Oct 15, 2019.
             Was an Initiate of Okawaru.
             Slain by a killer bee (2 damage)
             ... on level 4 of the Dungeon.
             The game lasted 00:13:45 (3020 turns).

Arixos the Ruffian (Demonspawn Fighter)             Turns: 3020, Time: 00:13:46

Health: -1/48      AC: 10    Str: 18    XL:     6   Next: 76%
Magic:  6/6        EV:  7    Int: 13    God:    Okawaru [......]
Gold:   266        SH:  9    Dex: 13    Spells: 5/5 levels left

rFire    + . .     SeeInvis .     - Unarmed
rCold    . . .     Gourm    .   b - +0 shield
rNeg     . . .     Faith    .   k - +2 scale mail {MR+}
rPois    .         Spirit   .   c - +0 helmet "Geodorcha" {rF+ Int+4} (curse)
rElec    .         Reflect  .   (no cloak)
rCorr    .         Harm     .   (no gloves)
MR       +....                  (no boots)
Stlth    ..........             (no amulet)
HPRegen  0.16/turn              (no ring)
MPRegen  0.10/turn              (no ring)

@: no status effects
A: talons 1, spiny 1
a: Renounce Religion


You were on level 4 of the Dungeon.
You worshipped Okawaru.
Okawaru was noncommittal.
You were not hungry.

You visited 2 branches of the dungeon, and saw 5 of its levels.

You collected 266 gold pieces.

Inventory:

Armour
 b - a +0 shield (worn)
 c - the cursed +0 helmet "Geodorcha" (worn) {rF+ Int+4}
   (You found it on level 4 of the Dungeon)

   It affects your intelligence (+4).
   It protects you from fire.
   It has a curse placed upon it.
 k - a +2 scale mail of magic resistance (worn)
 o - a +3 scale mail of cold resistance
Scrolls
 a - a scroll of remove curse {unknown}
 e - 4 scrolls of identify {unknown}
 h - a scroll of noise {unknown}
 m - a scroll of teleportation {unknown}
 n - a scroll of blinking {unknown}
Potions
 f - a potion of heal wounds {unknown}
 g - a potion of lignification {unknown}
 i - 2 potions of curing
 j - a potion of agility {unknown}
 l - a potion of ambrosia {unknown}
 p - a potion of might
Comestibles
 d - 5 rations


   Skills:
 + Level 4.3 Fighting
 + Level 3.9 Armour
 + Level 3.9 Shields
 * Level 4.4 Unarmed Combat


You had 5 spell levels left.
You didn't know any spells.
Your spell library contained the following spells:

 Spells                   Type           Power        Failure   Level  Hunger
 Magic Dart               Conj           #...         98%         1    ##.....
 Blink                    Tloc           N/A          99%         2    ###....
 Call Imp                 Summ           #.......     99%         2    ###....
 Slow                     Hex            #.......     99%         2    ###....
 Conjure Flame            Conj/Fire      #.......     100%        3    ####...
 Mephitic Cloud           Conj/Pois/Air  #.......     100%        3    ####...


Dungeon Overview and Level Annotations

Branches:
Dungeon (4/15)             Temple (1/1) D:4

Altars:
Ashenzari
Cheibriados
Dithmenos
Elyvilon
Fedhas
Gozag
Hepliaklqana
Kikubaaqudgha
Okawaru
Qazlal
Ru
Sif Muna
Uskayaw
Xom
Yredelemnul
Zin
The Shining One


Innate Abilities, Weirdness & Mutations

You have sharp toenails.
You are partially covered in sharp spines.


Message History

The killer bee barely misses you. The killer bee stings you.
* * * LOW HITPOINT WARNING * * *
You are lethally poisoned!
The killer bee poisons you!
You miss the killer bee. Your kick misses the killer bee.
The killer bee is heavily wounded.
* * * LOW HITPOINT WARNING * * *
You feel sick.
The killer bee is struck by your spines.
The killer bee stings you.
* * * LOW HITPOINT WARNING * * *
The killer bee stings you but does no damage.
It was a potion of curing.
You feel better. The killer bee stings you.
* * * LOW HITPOINT WARNING * * *
The killer bee stings you.
* * * LOW HITPOINT WARNING * * *
You closely miss the killer bee.
The killer bee is heavily wounded.
The killer bee stings you.
You die...

....... ........ ........ ###
........ ##+####.#########
........ ................#
..........
...............########..........
y[.............##.......## ###...
...............y@......... +...
..............P.P......... #...
##..###..###..PP.PP...... #... #.
#+## ##..P>....#########... ..
......P.P...#........... .
.....P.P....#.......)###
......##....#.......)#
##....##...)#........#
#..........'........#


You could see a killer bee.

Vanquished Creatures
  3 killer bees (D:4)
  A gnoll shaman (D:4)
  A bullfrog skeleton (D:4)
  A hound (D:4)
  Ijyb (D:3)
  A worker ant (D:4)
  A hound zombie (D:2)
  Robin (D:1)
  3 gnolls (D:4)
  4 adders
  2 worms
  3 dart slugs
  3 leopard geckos
  4 orcs
  6 bats
  8 giant cockroaches
  14 goblins
  8 hobgoblins
  2 quokkas
  3 ball pythons
  7 frilled lizards
  5 kobolds
  13 rats
95 creatures vanquished.

Vanquished Creatures (others)
  2 plants (D:4)
2 creatures vanquished.

Grand Total: 97 creatures vanquished

Notes
Turn   | Place    | Note
-------+----------+-------------------------------------------
     0 | D:1      | Arixos the Demonspawn Fighter began the quest for the Orb.
     0 | D:1      | Reached XP level 1. HP: 18/18 MP: 1/1
   200 | D:1      | Gained mutation: You are partially covered in sharp spines.
                  | [demonic ancestry]
   200 | D:1      | Reached XP level 2. HP: 20/24 MP: 2/2
   597 | D:2      | Noticed Robin
   610 | D:1      | Reached XP level 3. HP: 28/29 MP: 3/3
   775 | D:1      | Killed Robin
  1038 | D:2      | Gained mutation: You have sharp toenails. [demonic
                  | ancestry]
  1038 | D:2      | Reached XP level 4. HP: 30/35 MP: 4/4
  1220 | D:2      | Found a shattered altar of Ashenzari.
  1670 | D:3      | Reached XP level 5. HP: 39/41 MP: 5/5
  1843 | D:3      | Noticed Ijyb
  1905 | D:3      | Killed Ijyb
  1941 | D:3      | Found a hazy altar of Hepliaklqana.
  2200 | D:4      | Got a translucent helmet
  2211 | D:4      | Identified the cursed +0 helmet "Geodorcha" {rF+ Int+4}
                  | (You found it on level 4 of the Dungeon)
  2327 | D:4      | Found a staircase to the Ecumenical Temple.
  2641 | D:4      | Reached XP level 6. HP: 34/48 MP: 6/6
  2745 | Temple   | Entered the Ecumenical Temple
  2959 | Temple   | Became a worshipper of Warmaster Okawaru
  3019 | D:4      | HP: 1/48 [killer bee (5)]
  3020 | D:4      | Slain by a killer bee

Levels and vault maps discovered:
D:1:      saegor_arrival_simple_b, layout_basic
D:2:      layout_rooms, ashenzari_altar_1, first_ration, kennysheep_crisscross,
          uniq_robin
D:3:      layout_basic, lemuel_crystal_altar, lemuel_another_geyser, uniq_ijyb
D:4:      layout_gridville, lemuel_doored_altar, minmay_temple_entry_overgrown,
          serial_shops, shop
Temple:   regret_index_temple_generic_petals

Skill      XL: |  1  2  3  4  5  6 |
---------------+-------------------+-----
Unarmed Combat | 2 3 4 |  4.4
Armour         | 3 |  3.9
Shields        | 3 |  3.9
Fighting       | 4 |  4.3

Action                   |  1- 3 |  4- 6 || total
-------------------------+-------+-------++-------
Melee: Unarmed           |   160 |   220 ||   380
       Kick              |       |    66 ||    66
  Use: Potion            |     1 |     1 ||     2
  Eat: Chunk             |     1 |     6 ||     7
Armor: Scale mail        |    59 |    77 ||   136
Dodge: Dodged            |    39 |    48 ||    87
Block: Shield            |    95 |    88 ||   183

Table legend:
 A = Non-vault XP
 B = Vault XP
 C = Vault XP percentage of total XP
 D = Non-vault monster count
 E = Vault monster count
 F = Vault count percentage of total count
                 A         B        C        D         E       F
            +---------+---------+-------+---------+---------+-------
      Total |     574 |      75 |  11.6 |      82 |      13 |  13.7
            +---------+---------+-------+---------+---------+-------
        D:1 |      54 |      27 |  33.3 |      29 |       7 |  19.4
        D:2 |      51 |       9 |  15.0 |      17 |       5 |  22.7
        D:3 |      89 |      39 |  30.5 |      25 |       1 |   3.8
        D:4 |     380 |       0 |   0.0 |      11 |       0 |   0.0
            +---------+---------+-------+---------+---------+-------
